 Dungeon Crawl Stone Soup version 0.19.4 (webtiles) character file.

100 vatarom the Shield-Bearer (level 5, 0/41 HPs)
             Began as a Formicid Fighter on Feb 3, 2017.
             Succumbed to kobold's curare-tipped needle
             ... on level 3 of the Dungeon.
             The game lasted 00:03:33 (2262 turns).

vatarom the Shield-Bearer (Formicid Fighter)        Turns: 2262, Time: 00:03:33

Health: 0/41       AC:  9    Str: 25    XL:     5   Next: 3%
Magic:  5/5        EV:  8    Int:  9    God:
Gold:   100        SH: 11    Dex: 10    Spells: 0 memorised, 4 levels left

rFire  . . .     SeeInvis +     a - +0 quarterstaff
rCold  . . .     Gourm    .     b - +0 scale mail
rNeg   . . .     Faith    .     c - +1 shield
rPois  .         Spirit   .     (helmet unavailable)
rElec  .         Reflect  .     (no cloak)
rCorr  .         Harm     .     e - +1 pair of gloves
MR     .....                    (no boots)
Stlth  ..........               (no amulet)
                                (no ring)
                                (no ring)

@: mighty, lethally poisoned (0 -> -8)
A: permanent stasis, dig shafts and tunnels, four strong arms, antennae 3
a: Dig, Shaft Self


You were on level 3 of the Dungeon.
You were not hungry.

You visited 1 branch of the dungeon, and saw 3 of its levels.

You collected 100 gold pieces.

Inventory:

Hand Weapons
 a - a +0 quarterstaff (weapon)
Armour
 b - a +0 scale mail (worn)
 c - a +1 shield (worn)
 e - a +1 pair of gloves (worn)
 j - a +0 large shield
Wands
 h - a wand of lightning (3/15)
Potions
 i - a potion of berserk rage
Comestibles
 f - 4 bread rations
 g - 2 meat rations


   Skills:
 - Level 3.2 Fighting
 + Level 3.1 Staves
 + Level 3.9 Armour
 * Level 5.1 Shields


You had 4 spell levels left.
You didn't know any spells.

Dungeon Overview and Level Annotations

Branches:
Dungeon (3/15)

Altars:
Elyvilon
Qazlal
Ru


Innate Abilities, Weirdness & Mutations

You are under a permanent stasis effect.
You can dig through walls and to a lower floor.
Your four strong arms can wield two-handed weapons with a shield.
You have a pair of large antennae on your head. (SInv)


Message History

You feel sick.
* * * LOW HITPOINT WARNING * * *
You feel sick.
* * * LOW HITPOINT WARNING * * *
You feel sick.
* * * LOW HITPOINT WARNING * * *
You feel sick.
* * * LOW HITPOINT WARNING * * *
You feel sick.
* * * LOW HITPOINT WARNING * * *
You feel sick.
Okay, then.
You aren't carrying any spellbooks or scrolls.
You aren't carrying or standing over any spellbooks.
Evoke which item? (* to show all) (? for menu, Esc to quit)
Zapping:
h - a wand of lightning (will waste charges)
Press: ? - help, Shift-Dir - straight line You hear a mighty clap of thunder!
Evoking this partially-identified wand wasted a few charges.
You die...

####### #..,..#
########.#*#.#
#.@...##.###.######
#.###.##.#........#
#.* #.##.#.#.####.#
*#.**#.##.#.#.# #.#
*...*#..).((..####.#
*#..############...#
##.# #.### #.#
####### #.# #.#
#.....# #.#


There were no monsters in sight!

Vanquished Creatures
  3 adders (D:2)
  An ooze (D:2)
  A worm (D:2)
  A dart slug (D:1)
  2 leopard geckos (D:1)
  2 orcs (D:3)
  A ball python (D:1)
  3 giant cockroaches
  8 goblins
  8 hobgoblins
  2 jackals (D:3)
  A quokka (D:3)
  8 bats
  A frilled lizard (D:2)
  9 kobolds
  6 rats
57 creatures vanquished.

Vanquished Creatures (others)
  A kobold (D:2)
1 creature vanquished.

Grand Total: 58 creatures vanquished

Notes
Turn   | Place    | Note
-------+----------+-------------------------------------------
     0 | D:1      | vatarom the Formicid Fighter began the quest for the Orb.
     0 | D:1      | Reached XP level 1. HP: 18/18 MP: 1/1
   183 | D:1      | Reached XP level 2. HP: 22/24 MP: 2/2
   470 | D:1      | Reached skill level 4 in Shields
   470 | D:1      | Reached XP level 3. HP: 27/29 MP: 3/3
   939 | D:2      | Reached XP level 4. HP: 16/35 MP: 4/4
  1498 | D:2      | Reached skill level 5 in Shields
  1514 | D:2      | Found a white marble altar of Elyvilon.
  2065 | D:3      | Found a stormy altar of Qazlal.
  2065 | D:3      | Found a sacrificial altar of Ru.
  2180 | D:3      | Reached XP level 5. HP: 40/41 MP: 5/5
  2259 | D:3      | HP: 2/41 [poisoned by kobold (curare-tipped needle)]
  2262 | D:3      | Succumbed to kobold's curare-tipped needle

Skill      XL: |  1  2  3  4 |
---------------+-------------+-----
Shields        | 4 5 |  5.1
Staves         | 3 |  3.1
Fighting       | |  3.2
Armour         | |  3.9

Action                   |  1- 3 |  4- 6 || total
-------------------------+-------+-------++-------
Melee: Quarterstaff      |   103 |    93 ||   196
 Abil: Dig               |       |     2 ||     2
Evoke: Wand              |       |     1 ||     1
  Use: Scroll            |     3 |     6 ||     9
       Potion            |     2 |     4 ||     6
  Eat: Meat ration       |       |     1 ||     1
Armor: Scale mail        |    59 |    37 ||    96
Dodge: Dodged            |    45 |    23 ||    68
Block: Shield            |    64 |    62 ||   126
